 Dungeon Crawl Stone Soup version 0.18-a0-1155-g296dcbc (webtiles) character file.

221 Oddball22 the Sneak (level 5, 0/33 HPs)
             Began as an Octopode Artificer on Jan 23, 2016.
             Slain by an ogre
             ... wielding a +0 giant club
              (23 damage)
             ... on level 4 of the Dungeon.
             The game lasted 00:11:16 (4415 turns).

Oddball22 the Sneak (Octopode Artificer)            Turns: 4415, Time: 00:11:16

Health: 0/33       AC:  1    Str: 11    XL:     5   Next: 98%
Magic:  7/7        EV: 13    Int: 18    God:
Gold:   84         SH:  3    Dex: 13    Spells: 0 memorised, 4 levels left

rFire  . . .     SeeInvis .     q - +1 dagger (speed)
rCold  . . .     Gourm    .     (no shield)
rNeg   . . .     Faith    .     (helmet restricted)
rPois  .         Spirit   .     v - +3 amulet of reflection
rElec  .         Dismiss  .     i - +4 ring of intelligence
rCorr  .         Reflect  +     l - ring of stealth
SustAt .         Harm     .     w - ring of teleportation (curse)
MR     .....     Rnd*Tele +     (no ring)
Stlth  +++++.....               (no ring)
                                (no ring)
                                (no ring)
                                (no ring)

@: not resistant to hostile enchantments, quite stealthy
A: almost no armour, amphibious, 8 rings, constrict 8, camouflage 1, gelatinous
body 1
a: no special abilities


You were on level 4 of the Dungeon.
You were hungry.

You visited 1 branch of the dungeon, and saw 4 of its levels.

You collected 84 gold pieces.

Inventory:

Hand Weapons
 j - a +0 vampiric dagger
 q - a +1 dagger of speed (weapon)
Missiles
 A - 8 needles of paralysis
 B - 16 poisoned needles
Jewellery
 i - a +4 ring of intelligence (left tentacle)
 l - a ring of stealth (right tentacle)
 p - an uncursed amulet of faith
 v - a +3 amulet of reflection (around mantle)
 w - a cursed ring of teleportation (on tentacle)
Wands
 a - a wand of flame (17/48)
 b - a wand of flame (30/48)
 c - a wand of enslavement (15/24)
 d - a wand of random effects (15/48)
Scrolls
 h - 2 scrolls of remove curse
 n - 3 scrolls of amnesia
 o - 3 scrolls of identify
 r - a scroll of recharging
 t - a scroll of random uselessness {unknown}
 u - 4 scrolls of teleportation {unknown}
 y - a scroll of blinking {unknown}
 C - a scroll of enchant weapon {unknown}
Potions
 e - 2 potions of haste {unknown}
 g - a potion of experience {unknown}
 m - 2 potions of curing {unknown}
 s - a potion of cancellation {unknown}
 x - 2 potions of magic {unknown}
Comestibles
 f - 4 bread rations
 k - 2 meat rations


   Skills:
 - Level 1.0 Fighting
 * Level 3.7 Short Blades
 + Level 3.5 Dodging
 + Level 4.5 Stealth
 - Level 3.2 Evocations


You had 4 spell levels left.
You didn't know any spells.

Dungeon Overview and Level Annotations

Branches:
Dungeon (4/15)
 Temple: D:4-7

Altars:
Trog


Innate Abilities, Weirdness & Mutations

You cannot wear most types of armour.
You are amphibious.
You can wear up to eight rings at the same time.
You can use your tentacles to constrict eight enemies at once.
Your skin changes colour to match your surroundings (Stealth).
Your rubbery body absorbs attacks (AC +1).


Message History

You see here a ring mail.
The orc priest invokes the aid of Beogh against you.
Something smites you!
Sorry, you're not good enough to have a special ability.
Sorry, you're not good enough to have a special ability.
Sorry, you're not good enough to have a special ability.
Sorry, you're not good enough to have a special ability.
Sorry, you're not good enough to have a special ability.
Sorry, you're not good enough to have a special ability.
Sorry, you're not good enough to have a special ability.
Sorry, you're not good enough to have a special ability.
You don't know any spells.
You are feeling hungry.
You see here a glaive.
There is a stone staircase leading up here.
There is a stone staircase leading up here.
There is a stone staircase leading up here.
The ogre hits you with a giant club!!
Ouch! That really hurt!
You die...

### ..# #.######.#### #####
#.. .)......# ##...## #.#
#.#<.#.#
#.?...###.####....#.#
#...........##.#....#
#.....##........@.#.##
...............##O...########
..o.).....#.###.#............
####.###..#.# ##.#...########
....$# #..#.# ####.## ######
#..#.# #.# #..#.#######.#
#....<.......# #.######.#####


You could see an ogre.

Vanquished Creatures
  2 orc priests
  2 orc wizards
  4 adders
  A worm (D:3)
  2 giant geckos
  10 orcs
  4 ball pythons
  8 bats
  6 giant cockroaches
  6 hobgoblins
  3 quokkas (D:4)
  4 giant newts
  2 goblins
  6 kobolds
  2 rats
62 creatures vanquished.

Notes
Turn   | Place    | Note
--------------------------------------------------------------
     0 | D:1      | Oddball22 the Octopode Artificer began the quest for the Orb.
     0 | D:1      | Reached XP level 1. HP: 13/13 MP: 3/3
   443 | D:1      | Reached XP level 2. HP: 18/18 MP: 4/4
  1545 | D:2      | Reached XP level 3. HP: 23/23 MP: 5/5
  2324 | D:3      | Reached XP level 4. HP: 23/28 MP: 6/6
  3204 | D:3      | Reached skill level 4 in Stealth
  3204 | D:3      | Reached XP level 5. HP: 14/33 MP: 7/7
  3767 | D:4      | Found a bloodstained altar of Trog.
  4292 | D:4      | Noticed an ogre
  4415 | D:4      | Slain by an ogre

Vault maps used:
D:1:      tarquinn_simple_flora_water_b
D:2:      kennysheep_boxes
D:4:      lightli_temple_of_fire, temple_hall, first_bread, uniq_edmund

Action                   |  1- 3 |  4- 6 || total
-------------------------+-------+-------++-------
Melee: Short sword       |    40 |       ||    40
       Whip              |    15 |       ||    15
       Dagger            |    10 |   108 ||   118
Evoke: Wand              |     2 |     3 ||     5
  Use: Scroll            |     8 |       ||     8
 Stab: Sleeping          |    10 |     5 ||    15
       Distracted        |       |     2 ||     2
  Eat: Chunk             |     4 |     6 ||    10
